cohdb
Replays
Latest Replays
All Replays
Popular Replays
Top Player Replays
Match Explorer
How It Works
Community
CoH3 Stats
Reddit
Sign in to upload your games and track your stats! →
Sign in with Steam
Blobbing? Spamming?
Match 35600660
Overview
Messages
Build Orders
End
Kettenkrad Recon Vehicle
Selects Luftwaffe Battlegroup
Selects Luftwaffe Pioneer Support
Fallschirmpioneer Squad Paradrop
Construct Infanterie Kompanie
Fallschirmpioneer Squad Paradrop
MG 42 Machine Gun Team
Grenadier Squad
Construct Luftwaffe Kompanie
Jäger Squad
Jäger Squad
Construct Panzer Kompanie
Jäger Squad
Panzer IV Medium Tank
Stoßtruppen Squad
Panzer IV Medium Tank
Selects Stuka Strafing Run
Selects Fallschirmjäger Squad Paradrop
Selects Stuka Loiter
Panzer IV Medium Tank
Stuka Loiter
Medical Station
MG 42 Bunker
Panzer IV Medium Tank
MG 42 Bunker
CTRL ALT DEFEAT
SimplyFinny
0
0
Comments
sign in to comment!
No comments posted yet!